 Dungeon Crawl Stone Soup version 0.20-a0-971-g5896763 (webtiles) character file.

260 inmateoo the Skirmisher (level 5, -1/42 HPs)
             Began as a Demonspawn Fighter on Apr 8, 2017.
             Was an Initiate of Wu Jian.
             Slain by Pikel
             ... wielding a +0 whip of electrocution
              (9 damage)
             ... on level 4 of the Dungeon.
             The game lasted 00:04:09 (3154 turns).

inmateoo the Skirmisher (Demonspawn Fighter)        Turns: 3154, Time: 00:04:10

Health: -1/42      AC: 10    Str: 22    XL:     5   Next: 95%
Magic:  5/5        EV: 10    Int:  9    God:    Wu Jian [......]
Gold:   211        SH: 10    Dex: 18    Spells: 4/4 levels left

rFire    + . .     SeeInvis .   a - +0 long sword
rCold    . . .     Gourm    +   c - +0 shield
rNeg     . . .     Faith    .   o - +0 chain mail
rPois    .         Spirit   .   (helmet restricted)
rElec    .         Reflect  .   (no cloak)
rCorr    .         Harm     .   (no gloves)
MR       +....                  l - +0 pair of boots
Stlth    ..........             k - amulet of the gourmand
Regen    0.2/turn               j - ring of protection from fire
MPRegen  0.1/turn               p - ring of protection from magic

@: mighty, agile
A: horns 1, demonic guardian 1, powered by pain 1
a: Renounce Religion


You were on level 4 of the Dungeon.
You worshipped Wu Jian.
Wu Jian was noncommittal.
You were not hungry.

You visited 2 branches of the dungeon, and saw 5 of its levels.

You collected 211 gold pieces.

Inventory:

Hand Weapons
 a - a +0 long sword (weapon)
 y - a +0 spear of venom
 H - a +0 scimitar
 J - a +2 great sword of holy wrath
Armour
 c - a +0 shield (worn)
 l - a +0 pair of boots (worn)
 o - a +0 chain mail (worn)
Jewellery
 j - a ring of protection from fire (left hand)
 k - an amulet of the gourmand (around neck)
 p - a ring of protection from magic (right hand)
 v - a +2 ring of intelligence {unknown}
 z - a cursed amulet of inaccuracy {unknown}
 B - a +6 ring of dexterity {unknown}
 F - an uncursed ring of protection from cold {unknown}
 G - an uncursed ring of protection from magic
 K - a cursed -2 ring of intelligence {unknown}
Scrolls
 b - a scroll of amnesia {unknown}
 e - 4 scrolls of fog {unknown}
 h - 3 scrolls of remove curse {unknown}
 i - 6 scrolls of identify {unknown}
 q - a scroll of fear {unknown}
 s - a scroll of immolation {unknown}
 t - a scroll of blinking {unknown}
 A - 2 scrolls of teleportation {unknown}
 E - a scroll of enchant armour {unknown}
Potions
 d - 2 potions of might
 g - a potion of agility {unknown}
 m - a potion of mutation {unknown}
 u - a potion of flight {unknown}
 w - a potion of curing {unknown}
 x - a potion of degeneration {unknown}
 C - a potion of magic {unknown}
 D - a potion of lignification {unknown}
 I - a potion of brilliance {unknown}
Comestibles
 f - 3 bread rations
 n - 2 royal jellies
 r - 3 fruits


   Skills:
 + Level 4.0 Fighting
 * Level 3.8 Long Blades
 + Level 3.6 Armour
 + Level 3.5 Shields


You had 4 spell levels left.
You didn't know any spells.

Dungeon Overview and Level Annotations

Branches:
Dungeon (4/15)             Temple (1/1) D:4

Altars:
Ashenzari
Cheibriados
Dithmenos
Elyvilon
Gozag
Hepliaklqana
Kikubaaqudgha
Makhleb
Qazlal
Sif Muna
Trog
Vehumet
Wu Jian
Xom
Zin

Shops:
D:4 [

Annotations:
D:4 Pikel


Innate Abilities, Weirdness & Mutations

You have a pair of small horns on your head.
A weak demonic guardian rushes to your aid.
You sometimes gain a little power by taking damage.


Message History

Okay, then. 2 slaves come into view.
The slave shouts! x2
Pikel zaps a wand.
The bolt of lightning hits you!
* * * LOW HITPOINT WARNING * * *
You focus on the pain.
You feel agile all of a sudden.
A slave comes into view.
Unknown command.
An adder comes into view.
The slave shouts!
The adder hisses angrily.
Unknown command.
Unknown command.
You closely miss Pikel. You headbutt Pikel, but do no damage.
You block Pikel's attack.
Your ufetubus hits Pikel but does no damage.
Your ufetubus closely misses Pikel.
The slave hits your ufetubus!
Your ufetubus dies!
Pikel hits you but does no damage.
You are electrocuted!
You die...

###.#### #.# ###.####
#...)..# ##+##
#.#.##.###...## #
###.#.##.##.....##.#
......##.#.......#.#
.#...###...........###..
................@Kpppp..
.#...###........5.####S.
.##......#.......##
.##########.....## .#
##...## .#### ##'##
....# #.# .##.# #.#
.##.# ##.##


You could see Pikel, 4 slaves, an adder and a friendly shadow imp.

Vanquished Creatures
  2 orc priests (D:4)
  An iguana (D:4)
  4 adders
  6 gnolls
  2 worms (D:2)
  3 leopard geckos
  An orc (D:3)
  9 bats
  6 giant cockroaches
  5 goblins
  9 hobgoblins
  11 jackals
  7 kobolds
  3 quokkas
  5 frilled lizards
  4 rats
78 creatures vanquished.

Vanquished Creatures (collateral kills)
  A gnoll (D:2)
  An orc (D:4)
2 creatures vanquished.

Grand Total: 80 creatures vanquished

Notes
Turn   | Place    | Note
-------+----------+-------------------------------------------
     0 | D:1      | inmateoo the Demonspawn Fighter began the quest for the Orb.
     0 | D:1      | Reached XP level 1. HP: 18/18 MP: 1/1
   278 | D:1      | Gained mutation: You sometimes gain a little power by taking damage. [demonic ancestry]
   278 | D:1      | Reached XP level 2. HP: 20/24 MP: 2/2
   537 | D:1      | Gained mutation: A weak demonic guardian rushes to your aid. [demonic ancestry]
   537 | D:1      | Reached XP level 3. HP: 29/29 MP: 3/3
   797 | D:2      | Found a burning altar of Makhleb.
  1048 | D:2      | Gained mutation: You have a pair of small horns on your head. [demonic ancestry]
  1048 | D:2      | Reached XP level 4. HP: 22/35 MP: 4/4
  1889 | D:3      | Reached XP level 5. HP: 34/41 MP: 5/5
  2418 | D:4      | Found a staircase to the Ecumenical Temple.
  2437 | D:4      | Found Voschuppe's Antique Armour Shoppe.
  2457 | Temple   | Entered the Ecumenical Temple
  2482 | Temple   | Became a worshipper of the Wu Jian Council
  2920 | D:4      | Reached skill level 4 in Fighting
  3149 | D:4      | Noticed Pikel
  3152 | D:4      | Noticed a slave
  3152 | D:4      | Noticed a slave
  3152 | D:4      | Noticed a slave
  3153 | D:4      | Noticed a slave
  3154 | D:4      | Slain by Pikel

Vault maps used:
D:1:      saegor_arrival_simple_a
D:2:      overflow_temple_1_default
D:3:      serial_glass, glass_columns_a, glass_columns_c,
          minmay_strange_pillars, item_on_display_a, item_on_display_a,
          item_on_display_a, kennysheep_another_room
D:4:      minmay_temple_entry_mist, serial_shops, nicolae_shop_waterfront,
          trog_butcher_becter, uniq_pikel
Temple:   eino_temple_lava

Skill      XL: |  1  2  3  4  5 |
---------------+----------------+-----
Long Blades    | 2 3 |  3.8
Shields        | 3 |  3.5
Armour         | 3 |  3.6
Fighting       | 4 |  4.0

Action                   |  1- 3 |  4- 6 || total
-------------------------+-------+-------++-------
Melee: Long sword        |   181 |   100 ||   281
       Headbutt          |       |    28 ||    28
  Eat: Chunk             |     1 |     7 ||     8
       Fruit             |       |     1 ||     1
Armor: Scale mail        |    48 |       ||    48
       Chain mail        |    53 |    55 ||   108
Dodge: Dodged            |    40 |    20 ||    60
Block: Shield            |    91 |    47 ||   138
       Rpst.: Long sword |     9 |     7 ||    16
